 Dungeon Crawl Stone Soup version 0.18-a0-844-g9229740 (webtiles) character file.

239 rgaf the Covert (level 5, -7/46 HPs)
             Began as a Demonspawn Enchanter on Dec 20, 2015.
             Mangled by a gnoll
             ... wielding a +0 spear
              (8 damage)
             ... on level 2 of the Dungeon.
             The game lasted 00:07:46 (2582 turns).

rgaf the Covert (Demonspawn Enchanter)              Turns: 2582, Time: 00:07:46

Health: -7/46      AC:  5    Str:  8    XL:     5   Next: 79%
Magic:  2/8        EV: 12    Int: 19    God:
Gold:   194        SH:  0    Dex: 14    Spells: 3 memorised, 2 levels left

rFire  + . .     SeeInvis .     b - +0 rapier
rCold  . . .     Gourm    .     u - +1 robe
rNeg   . . .     Faith    .     (no shield)
rPois  .         Spirit   .     w - +0 helmet (curse)
rElec  .         Dismiss  .     (no cloak)
rCorr  .         Reflect  .     o - +0 pair of gloves
SustAt .         Harm     .     (no boots)
MR     .....                    (no amulet)
Stlth  +++++.....               (no ring)
                                v - ring of protection from fire

@: not resistant to hostile enchantments, quite stealthy
A: claws 2, clever 1, demonic guardian 1, nightstalker 1
a: no special abilities


You were on level 2 of the Dungeon.
You were hungry.

You visited 1 branch of the dungeon, and saw 3 of its levels.

You collected 194 gold pieces.

Inventory:

Hand Weapons
 a - a +1 dagger
 b - a +0 rapier (weapon)
Missiles
 r - 17 poisoned needles
Armour
 o - a +0 pair of gloves (worn)
 u - a +1 robe (worn)
 w - a cursed +0 helmet (worn)
Jewellery
 v - a ring of protection from fire (left hand)
Scrolls
 e - a scroll of blinking
 g - a scroll of noise
 m - a scroll of magic mapping
 s - 2 scrolls of remove curse
 t - a scroll of recharging
Potions
 f - 4 potions of flight
 z - a potion of might
Books
 c - a book of Maledictions

   Spells                             Type                      Level
   a - Corona                         Hexes                        1
   b - Ensorcelled Hibernation        Hexes/Ice                    2
   c - Confuse                        Hexes                        3
   d - Tukima's Dance                 Hexes                        3
   e - Dazzling Spray                 Conjuration/Hexes            3
Comestibles
 d - 2 bread rations
 l - 2 slices of pizza
 p - 4 fruits
 A - a meat ration
 B - 2 chunks of flesh


   Skills:
 - Level 6.3 Fighting
 - Level 5.8 Short Blades
 - Level 1.7 Dodging
 + Level 8.5 Stealth
 - Level 2.0 Spellcasting
 - Level 3.0 Hexes


You had 2 spell levels left.
You knew the following spells:

 Your Spells              Type           Power        Failure   Level  Hunger
a - Corona                Hex            ##.....      6%          1    #......
b - Ensorcelled Hibernat  Hex/Ice        #.....       14%         2    ###....
c - Confuse               Hex            ##......     14%         3    ###....


Dungeon Overview and Level Annotations

Branches:
Dungeon (3/15)

Altars:


Innate Abilities, Weirdness & Mutations

You have very sharp fingernails.
A weak demonic guardian rushes to your aid.
You are slightly more attuned to the shadows.
Your mind is acute. (Int +2)


Message History

You feel a little less mighty now.
The gnoll hits you from afar with a spear.
* * * LOW HITPOINT WARNING * * *
The gnoll hits you but does no damage. The gnoll closely misses you.
You see here a jackal corpse.
Found a stone staircase leading up.
Found a ring of protection from fire.
There is a stone staircase leading up here.
You climb upwards.
There is a stone staircase leading down here.
Casting: Ensorcelled Hibernation
Confirm with . or Enter, or press ? or * to list all spells.
Aiming: Ensorcelled Hibernation
Press: ? - help, Shift-Dir - straight line, f - gnoll
Aim: a gnoll, wielding a spear (severely wounded, inner flame, chance to defeat MR: 48%)
The gnoll resists with some effort.
The gnoll hits you with a spear.
* * * LOW HITPOINT WARNING * * *
The gnoll hits you from afar with a spear!
You die...

#..#...##........
#.#_#...#.......>
####..#....#........
#..........#........
#...#......#........
#..........##.......
####........###........
#...###>g#..###........
###.##@.##.†..#........
#.##.####.#.#........
########
#..........()........
.......#
##.######.###........
.......# #..#
#.##......... .......#
#.## #.##.........
.......# ##.#
#.##....##.## .......#
#..# #.#####.##.#
[......## ##.##
#.......##.#


You could see a gnoll (inner flame).

Vanquished Creatures
  Robin (D:3)
  A gnoll (D:3)
  3 adders
  A worm (D:2)
  A giant gecko (D:3)
  3 orcs (D:3)
  A ball python (D:1)
  A giant cockroach (D:2)
  15 goblins
  9 hobgoblins
  11 jackals
  2 quokkas (D:3)
  A ball python skeleton (D:3)
  9 bats
  2 giant newts
  3 kobolds
  7 rats
71 creatures vanquished.

Notes
Turn   | Place    | Note
--------------------------------------------------------------
     0 | D:1      | rgaf the Demonspawn Enchanter began the quest for the Orb.
     0 | D:1      | Reached XP level 1. HP: 13/13 MP: 3/3
   191 | D:1      | Gained mutation: You have sharp fingernails. [demonic ancestry]
   191 | D:1      | Reached XP level 2. HP: 2/19 MP: 5/5
  1049 | D:2      | Learned a level 2 spell: Ensorcelled Hibernation
  1092 | D:2      | Reached skill level 4 in Stealth
  1157 | D:2      | Gained mutation: You are slightly more attuned to the shadows. [demonic ancestry]
  1157 | D:2      | Reached XP level 3. HP: 16/24 MP: 6/6
  1352 | D:2      | Found a faded altar to an unknown god.
  1799 | D:3      | Noticed Robin
  2139 | D:3      | Gained mutation: You have very sharp fingernails. [demonic ancestry]
  2139 | D:3      | Reached XP level 4. HP: 20/30 MP: 5/7
  2245 | D:3      | Reached skill level 5 in Stealth
  2302 | D:3      | Learned a level 3 spell: Confuse
  2319 | D:3      | Killed Robin
  2534 | D:3      | HP: 1/30 [gnoll/spear (1)]
  2550 | D:3      | Reached skill level 6 in Fighting
  2550 | D:3      | Reached skill level 5 in Short Blades
  2550 | D:3      | Reached skill level 8 in Stealth
  2550 | D:3      | Gained mutation: A weak demonic guardian rushes to your aid. [demonic ancestry]
  2550 | D:3      | Reached XP level 5. HP: 14/46 MP: 0/8
  2551 | D:3      | Gained mutation: Your mind is acute. (Int +2) [potion of beneficial mutation]
  2581 | D:2      | HP: 1/46 [gnoll/spear (5)]
  2582 | D:2      | Mangled by a gnoll

Vault maps used:
D:1:      dpeg_arrival_shelter, minmay_quantized
D:2:      ecumenical_altar_1, first_bread
D:3:      uniq_robin

Action                   |  1- 3 |  4- 6 || total
-------------------------+-------+-------++-------
Melee: Dagger            |   165 |    12 ||   177
       Rapier            |       |    40 ||    40
 Cast: Ensorcelled Hiber |     8 |    11 ||    19
       Confuse           |       |     1 ||     1
  Use: Potion            |       |     6 ||     6
       Scroll            |       |     7 ||     7
 Stab: Sleeping          |    11 |     7 ||    18
       Distracted        |       |     1 ||     1
  Eat: Chunk             |     4 |     2 ||     6
